Map: Ultralove

Players

ManlyManMeat - Winner!

  • Race: Terran Terran
  • League: Platinum
  • Spawn Location: 1:00

oldSergiy

  • Race: Terran Terran
  • League: Master
  • Spawn Location: 7:00

VOD

Have the link to the VOD?

Description

Time

  • Played on: June 19, 2025, 1:37 p.m.
  • Length: 10:22
Show
View Real Time Build Order
Export as new Build Order

ManlyManMeat Terran - Winner!

Build Orders:  

Get SALT Encoding   

  12  0:00  SCV  
  13  0:12  SCV  
  14  0:17  Supply Depot  
  14  0:24  SCV  
  15  0:39  SCV  
  15  0:40  Barracks  
  16  0:45  Refinery  
  16  0:51  SCV  
  17  1:03  SCV  
  18  1:15  SCV  
  19  1:30  Orbital Command  
  19  1:31  Barracks Reactor  
  19  1:40  Command Center  
  19  1:52  Supply Depot  
  19  2:07  SCV  
  20  2:10  Marine x2  
  22  2:22  Bunker, Factory  
  22  2:23  SCV  
  22  2:28  Marine x2  
  25  2:42  Supply Depot  
  25  2:47  Marine x2  
  25  2:49  SCV  
  28  2:54  Orbital Command  
  28  3:04  Marine x2  
  30  3:10  Refinery  
  30  3:11  Starport  
  30  3:12  Factory Tech Lab  
  30  3:22  Marine x2  
  30  3:26  SCV x2  
  34  3:39  SCV  
  35  3:43  SCV  
  36  3:51  Viking, SCV  
  36  3:55  SCV  
  39  3:58  Barracks  
  39  4:05  SCV  
  39  4:07  SCV  
  41  4:10  Marine x2  
  41  4:12  Siege Tank  
  46  4:27  Starport Reactor  
  46  4:36  Barracks  
  46  4:37  Supply Depot  
  46  4:38  Barracks, SCV x2  
  46  4:39  Supply Depot, Barracks  
  46  4:41  Marine x2  
  50  4:47  Barracks Reactor  
  50  4:50  Supply Depot, SCV  
  51  4:53  Siege Tank  
  54  5:01  Marine x2  
  54  5:06  Engineering Bay  
  56  5:07  Engineering Bay  
  56  5:09  SCV  
  56  5:10  SCV  
  58  5:21  SCV  
  59  5:22  Marine x2, SCV  
  59  5:24  Barracks Tech Lab  
  59  5:25  Barracks Tech Lab  
  59  5:26  Barracks Reactor  
  59  5:27  Marine x2  
  64  5:32  Medivac  
  64  5:33  Supply Depot, Medivac  
  68  5:53  Marauder x2  
  70  6:02  Stimpack  
  70  6:05  SCV x2  
  70  6:07  Refinery  
  70  6:08  Refinery  
  72  6:16  Marauder x2, Marine x2  
  72  6:17  Marine x2, SCV x2  
  82  6:20  Starport Tech Lab  
  82  6:29  SCV x2  
  82  6:30  Command Center  
  69  6:56  Medivac  
  69  6:59  Marine x4  
  69  7:00  Marine x2  
  69  7:01  Marauder x2  
  81  7:03  Terran Infantry Weapons Level 1  
  77  7:26  Marine x2, Medivac  
  77  7:27  Marine x5  
  80  7:44  Marine x2  
  80  7:45  Marine  
  80  7:46  Marauder  
  85  7:52  Marauder  
  85  7:54  Supply Depot, Combat Shield  
  85  7:55  Supply Depot, Concussive Shells  
  85  7:56  Supply Depot, Siege Tank  
  85  7:58  Supply Depot  
  90  8:01  Raven  
  90  8:02  Interference Matrix  
  90  8:03  Marine x4  
  96  8:06  Marine x2  
  96  8:08  Marauder  
  99  8:14  Marauder  
  99  8:15  SCV  
  99  8:16  SCV  
  103  8:23  Missile Turret  
  103  8:25  Missile Turret  
  103  8:27  SCV  
  103  8:28  Missile Turret x2, SCV  
  103  8:33  Marine x3  
  103  8:34  Marine x2  
  109  8:35  Marauder  
  109  8:40  SCV  
  113  8:50  Marine x2  
  113  8:51  Marine  
  113  8:52  SCV x2  
  113  8:54  SCV  
  119  8:56  Marauder  
  121  9:04  SCV x2  
  121  9:09  Marauder  
  106  9:29  Marine x7  
  104  9:32  SCV x3  
  100  9:40  Marine  
  100  9:44  Siege Tank, SCV x3  
  100  9:45  Medivac  
  109  9:46  Marine  
  110  9:56  SCV  
Show
View Real Time Build Order
Export as new Build Order

oldSergiy Terran 

Build Orders: Reaper Expand 

Get SALT Encoding   

  12  0:01  SCV  
  13  0:13  SCV  
  14  0:17  Supply Depot  
  14  0:25  SCV  
  15  0:39  SCV  
  16  0:42  Barracks  
  16  0:47  Refinery  
  16  0:51  SCV  
  17  0:58  Supply Depot  
  17  1:03  SCV  
  18  1:15  SCV  
  19  1:30  Orbital Command  
  19  1:34  Reaper  
  20  1:58  Command Center  
  20  2:00  SCV  
  21  2:06  Marine  
  22  2:16  SCV  
  23  2:28  Factory, SCV  
  24  2:48  Barracks Reactor  
  24  2:51  Engineering Bay  
  24  2:54  SCV  
  25  3:01  Bunker  
  25  3:08  SCV  
  25  3:10  Refinery  
  26  3:13  Orbital Command  
  26  3:34  Hellion x2  
  30  3:36  Marine  
  31  3:52  Missile Turret  
  31  3:54  Missile Turret  
  31  3:58  Marine  
  31  4:00  Widow Mine x2  
  36  4:03  SCV x2  
  38  4:12  Factory x2  
  38  4:19  Barracks Tech Lab  
  38  4:25  Supply Depot  
  38  4:29  Supply Depot  
  38  4:35  Hellion x2  
  42  4:49  Barracks Tech Lab  
  42  4:52  Armory  
  42  5:24  Orbital Command  
  42  5:29  Cyclone x2  
  42  5:30  Hellion x2  
  52  5:41  Command Center  
  52  5:45  Bunker  
  52  5:57  SCV  
  52  5:58  SCV  
  52  6:03  Cyclone x2  
  60  6:04  Hellion x2  
  64  6:11  SCV x2  
  64  6:18  Refinery x2  
  66  6:19  Terran Vehicle And Ship Armor Level 1  
  66  6:21  Neosteel Armor  
  66  6:23  SCV x2  
  68  6:29  Mag-Field Accelerator  
  66  6:54  Cyclone  
  64  6:55  Hellion x2  
  68  7:05  Barracks Reactor  
  60  7:40  Cyclone x2  
  60  7:41  Hellion  
  60  7:42  Hellion  
  60  7:43  SCV x2  
  72  7:55  SCV x2, Infernal Pre-Igniter  
  74  8:03  Hellion  
  76  8:07  SCV  
  76  8:09  Drilling Claws  
  73  8:16  SCV  
  73  8:18  Hi-Sec Auto Tracking  
  74  8:20  Terran Vehicle Weapons Level 1  
  74  8:33  Barracks Tech Lab, Starport  
  74  8:40  Planetary Fortress  
  74  8:43  SCV x2  
  76  8:52  Missile Turret  
  76  8:55  SCV x2  
  76  8:56  Missile Turret  
  76  8:58  Sensor Tower  
  76  9:07  SCV  
  76  9:08  SCV  
  49  9:20  SCV x2  
  34  9:32  SCV  
  34  9:34  Cyclone x2  
  31  9:46  Hellion x2  
Tags
 
Matchup
TvT
Race
Terran
Replay Pack
Myownreplay2
Spawn Locations
Cross Positions
Add a new tag
Caveats
  • Supply blocks, unpowered buildings, or Contaminate may cause inaccurate times.
  • Supply counts are checked every 10 seconds.